 Dungeon Crawl Stone Soup version 0.26.1 (webtiles) character file.

Game seed: 7880508926021978555

102 Gadfly the Chopper (level 4, -2/52 HPs)
             Began as a Demonspawn Monk on Feb 5, 2021.
             Slain by an orc priest
             ... wielding a +0 short sword
              (5 damage)
             ... on level 3 of the Dungeon.
             The game lasted 00:02:30 (2525 turns).

Gadfly the Chopper (Demonspawn Monk)                Turns: 2525, Time: 00:02:31

Health: -2/52      AC: 22    Str: 12    XL:     4   Next: 49%
Magic:  6/6        EV:  2    Int: 12    God:
Gold:   112        SH:  0    Dex: 15    Spells: 3/3 levels left

rFire    . . .     SeeInvis .   a - +0 hand axe
rCold    . . .     Faith    .   (no shield)
rNeg     + + +     Spirit   .   (armour currently unavailable)
rPois    +         Reflect  .   (helmet currently unavailable)
rElec    .         Harm     .   (cloak currently unavailable)
rCorr    .         Rampage  .   (gloves currently unavailable)
Will     .....     NoTele   +   (boots currently unavailable)
Stlth    ++........             (no amulet)
HPRegen  0.17/turn              h - ring of teleportation (curse)
MPRegen  0.10/turn              (no ring)

@: tree-form
A: no striking features
a: no special abilities


You were on level 3 of the Dungeon.
You were a tree.
You visited 1 branch of the dungeon, and saw 3 of its levels.

You collected 112 gold pieces.

Inventory:

Hand Weapons
 a - a +0 hand axe (weapon)
Armour
 c - a +0 scale mail (melded)
Jewellery
 h - a cursed ring of teleportation (left branch)
Scrolls
 d - 3 scrolls of teleportation
 e - a scroll of magic mapping
Potions
 f - a potion of might
 i - a potion of haste {unknown}
 k - a potion of flight {unknown}


   Skills:
 - Level 3.0 Fighting
 + Level 3.1 Axes
 * Level 1.8 Armour
 - Level 2.6 Dodging
 - Level 1.7 Stealth
 * Level 2.8 Invocations
 * Level 2.0 Evocations


You had 3 spell levels left.
You didn't know any spells.
Your spell library was empty.

Dungeon Overview and Level Annotations

Branches:
Dungeon (3/15)

Altars:


Innate Abilities, Weirdness & Mutations

((You have a pair of horns on your head.))


Message History

Unknown command.
You closely miss the orc priest.
The orc priest calls down the wrath of Beogh upon you.
Pain shoots through your body!
* * * LOW HITPOINT WARNING * * *
You hit the orc priest.
You headbutt the orc priest, but do no damage.
The orc priest is lightly wounded.
The orc priest closely misses you.
Unknown command.
It was a potion of lignification.
You turn into a tree.
Your +0 scale mail melds into your body.
Your roots penetrate the ground.
The orc priest barely misses you.
You hit the orc priest but do no damage.
The orc priest is lightly wounded.
The orc priest calls down the wrath of Beogh upon you.
Beogh smites you!
* * * LOW HITPOINT WARNING * * *
The orc priest hits you with a +0 short sword.
You die...

... #.# #
#.###)#####.##
#.............
#........##.#
#........# #
#........# .#
#.......)# ..#
#........####oo.##.
#..........♣oo...(.
......####.####..###
####### #.# # #.#
### #.# ##[#######
#.# ##.#.##...# #..
##.###†.###. ...
#.## ##.# #.
##.###..# #.


You could see 2 orc priests, an orc wizard and an orc.

Vanquished Creatures
  An orc priest (D:3)
  3 adders
  2 leopard geckos
  2 orcs (D:3)
  7 bats
  A giant cockroach (D:1)
  3 goblins
  8 jackals (D:2)
  6 kobolds
  2 quokkas (D:2)
  2 frilled lizards
  6 rats
43 creatures vanquished.

Notes
Turn   | Place    | Note
-------+----------+-------------------------------------------
     0 | D:1      | Gadfly the Demonspawn Monk began the quest for the Orb.
     0 | D:1      | Reached XP level 1. HP: 18/18 MP: 1/1
   457 | D:1      | Reached skill level 1 in Invocations
   470 | D:1      | Gained mutation: You have a pair of small horns on your
                  | head. [demonic ancestry]
   470 | D:1      | Reached XP level 2. HP: 24/24 MP: 2/2
  1171 | D:2      | Reached skill level 1 in Evocations
  1309 | D:2      | Reached skill level 1 in Armour
  1314 | D:2      | Reached XP level 3. HP: 10/29 MP: 4/4
  2365 | D:3      | Gained mutation: You have a pair of horns on your head.
                  | [demonic ancestry]
  2365 | D:3      | Reached XP level 4. HP: 24/35 MP: 5/5
  2498 | D:3      | Noticed a bullfrog
  2525 | D:3      | Slain by an orc priest

Illustrated notes

Levels and vault maps discovered:
D:1:      saegor_arrival_simple_c, layout_loops_ring
D:2:      layout_basic
D:3:      layout_loops_cross, nicolae_overflow_crystal_walls,
          nicolae_overflow_hidden_temple

Skill      XL: |  1  2  3  4 |
---------------+-------------+-----
Invocations    | 1 2 |  2.8
Evocations     | 1 2 |  2.0
Armour         | 1 |  1.8
Axes           | 3 |  3.1
Fighting       | |  3.0
Dodging        | |  2.6
Stealth        | |  1.7

Action                   |  1- 3 |  4- 6 || total
-------------------------+-------+-------++-------
Melee: Hand axe          |   101 |    19 ||   120
       Headbutt          |    10 |     5 ||    15
  Use: Scroll            |     5 |       ||     5
       Potion            |     2 |     1 ||     3
 Stab: Sleeping          |     6 |       ||     6
Armor: Robe              |    20 |       ||    20
       Scale mail        |       |     7 ||     7
Dodge: Dodged            |    88 |     8 ||    96
